[Event "*** SCC Grand Prix: Titled Tuesday Blitz"]
[Site "Chess.com"]
[Date "2020.10.06"]
[Round "7"]
[White "Brave_spirit12"]
[Black "MVM2008"]
[Result "1-0"]
[WhiteElo "2484"]
[BlackElo "2230"]
[TimeControl "180+1"]
[EndTime "11:18:31 PDT"]
[Termination "Brave_spirit12 won by resignation"]

1. e4 d5 2. exd5 Nf6 3. Nc3 c6 4. dxc6 Nxc6 5. Nf3 e5 6. d3 Bc5 7. Be2 Bg4 8. Bg5 Qb6 9. O-O h6 10. Bxf6 gxf6 11. Na4 Qa5 12. c3 Bd6 13. b4 Qc7 14. Nh4 Bxe2 15. Qxe2 O-O-O 16. Nf5 Rhg8 17. Qe4 Ne7 18.
c4 Kb8 19. c5 Nxf5 20. Qxf5 Be7 21. b5 Rg5 22. Qf3 Rdg8 23. g3 Bxc5 24. Rac1 b6 25. Nxc5 bxc5 26. Qxf6 Qb6 27. Qxf7 h5 28. a4 h4 29. a5 hxg3 30. axb6 gxh2+ 31. Kh1 1-0

[Event "*** SCC Grand Prix: Titled Tuesday Blitz"]
[Site "Chess.com"]
[Date "2020.10.06"]
[Round "7"]
[White "PSvidler"]
[Black "KuzubovYuriy"]
[Result "1/2-1/2"]
[WhiteElo "2913"]
[BlackElo "2941"]
[TimeControl "180+1"]
[EndTime "11:18:33 PDT"]
[Termination "Game drawn by agreement"]

1. e4 c5 2. Nf3 Nc6 3. Bb5 Nf6 4.
Nc3 Qc7 5. O-O Nd4 6. Be2 e5 7. Bc4 Be7 8. d3 d6 9. h3 O-O 10. a4 Be6 11. Ng5 Kh8 12. Be3 Qd7 13. f4 exf4 14.
Bxf4 Bxc4 15. dxc4 Ne6 16. Be3 Nxg5 17. Bxg5 Qe6 18.
Qd3 Nd7 19. Bxe7 Qxe7 20. Nb5 Nf6 21. Qxd6 Qxe4 22. Qxc5 Qxc2 23. Rf2 Qg6 24. Nd6 Ne4 25. Nxe4 Qxe4 26. Rd1 b6 27. Qd5 Qe3 28. Rd3 Qe1+ 29. Rf1 Qe7 30. Qd6 Rae8 31. Qxe7 Rxe7 32. Rfd1 g6 33.
Rd7 Rfe8 34. b4 Kg7 35. c5 bxc5 36. bxc5 Rxd7 37. Rxd7 Rc8 1/2-1/2

[Event "*** SCC Grand Prix: Titled Tuesday Blitz"]
[Site "Chess.com"]
[Date "2020.10.06"]
[Round "7"]
[White "As0nchess"]
[Black "RusPakhom"]
[Result "1-0"]
[WhiteElo "2508"]
[BlackElo "2313"]
[TimeControl "180+1"]
[EndTime "11:18:35 PDT"]
[Termination "As0nchess won by resignation"]

1. c4 c6 2. Nf3 d5 3. e3 Nf6 4. d4 a6 5. Nbd2 b5 6. c5 Bg4 7. h3 Bh5 8. Be2 Nbd7 9. O-O Qc7 10. a3 e5 11. b4 e4 12. Ne1 Bxe2 13. Qxe2 a5 14.
Bb2 Be7 15. Nb3 a4 16. Nd2 O-O 17. f3 exf3 18. Nexf3 Ne4 19. Nxe4 dxe4 20. Nd2 f5 21. Rad1 Qg3 22. d5 cxd5 23. Nb1 Ne5 24. Bxe5 Qxe5 25. Qxb5 Bg5 26. Rfe1 f4 27. exf4 Qxf4 28. c6 Qg3 29. Qxd5+ Kh8 30. Nd2 e3 31. Ne4 Qh4 32. Nxg5 Qf2+ 33.
Kh1 e2 34. Rc1 Qf1+ 35. Kh2 Qf4+ 36. Kg1 Qf2+ 37. Kh1 Qxe1+ 38. Rxe1 Rf1+ 39. Kh2 h6 40. Nf7+ Kh7 1-0

[Event "*** SCC Grand Prix: Titled Tuesday Blitz"]
[Site "Chess.com"]
[Date "2020.10.06"]
[Round "7"]
[White "topotun"]
[Black "exoticprincess"]
[Result "1-0"]
[WhiteElo "2767"]
[BlackElo "2873"]
[TimeControl "180+1"]
[EndTime "11:18:36 PDT"]
[Termination "topotun won by resignation"]

1. e4 c5 2. Nf3 e6 3. d4 cxd4 4.
Nxd4 Nf6 5. Nc3 Bb4 6. e5 Nd5 7. Bd2 Bxc3 8. bxc3 O-O 9. c4 Ne7 10. Bb4 f6 11. Nxe6 dxe6 12. Qxd8 Rxd8 13. Bxe7 Rd7 14. exf6 Nc6 15. Be2 Nxe7 16. fxe7 Kf7 17. h4 Kxe7 18.
Rh3 Rc7 19. Rg3 Kf6 20. Bd3 h6 21. Rf3+ Ke7 22. Bg6 Rxc4 23. Rf7+ Kd6 24. O-O-O+ Kc6 25. g3 Ra4 26. Rd8 Rxa2 27. Rxg7 a5 28. Be4+ Kb6 29. Rh7 a4 30. Kb1 Ra3 31. Kb2 1-0

[Event "*** SCC Grand Prix: Titled Tuesday Blitz"]
[Site "Chess.com"]
[Date "2020.10.06"]
[Round "7"]
[White "tigra"]
[Black "Ermito2020"]
[Result "1-0"]
[WhiteElo "2831"]
[BlackElo "2665"]
[TimeControl "180+1"]
[EndTime "11:18:36 PDT"]
[Termination "tigra won by resignation"]

1. e4 e6 2. d4 d5 3. e5 c5 4. c3 Nc6 5. Nf3 Qb6 6. a3 Bd7 7. b4 cxd4 8. cxd4 Nh6 9. Be3 Nf5 10. Bd3 Be7 11. Nc3 O-O 12. Bxf5 exf5 13. Nxd5 Qd8 14. O-O Be6 15. Nf4 Bd5 16. Rc1 Qd7 17. b5 Na5 18. Nxd5 Qxd5 19. Qd3 Qe4 20. Qxe4 fxe4 21. Nd2 Bxa3 22.
Ra1 Bb4 23. Nxe4 Nc4 24. Ra4 Nxe3 25. fxe3 Be7 26. Rfa1 a6 27. bxa6 b5 28. Ra5 b4 29.
a7 Rfc8 30. Rb5 f5 31. exf6 gxf6 32. Rb7 Kf8 33. Kf2 Ke8 34. Kf3 Kd8 35. Kf4 Rc2 36.
Rb8+ Rc8 37. Rxa8 Rxa8 38. Kf5 Kc7 39. Ke6 Bf8 40. d5 Kb7 41. d6 f5 42. Kxf5 Rxa7 43.
d7 Be7 44. Ke6 Bd8 45. Nc5+ Kb6 46. Rxa7 Kxa7 47. Kd6 Kb6 48. e4 Kb5 49. e5 Kc4 50. e6 b3 51. Nxb3 Kxb3 52. e7 1-0

[Event "*** SCC Grand Prix: Titled Tuesday Blitz"]
[Site "Chess.com"]
[Date "2020.10.06"]
[Round "7"]
[White "Matveev_Vladimir"]
[Black "smshk35"]
[Result "0-1"]
[WhiteElo "2603"]
[BlackElo "2474"]
[TimeControl "180+1"]
[EndTime "11:18:36 PDT"]
[Termination "smshk35 won by resignation"]

1. d4 c6 2. c4 g6 3. Nf3 Bg7 4. Nc3 d5 5. cxd5 cxd5 6. Bf4 Nf6 7. e3 O-O 8. h3 Nc6 9. Bd3 Qb6 10. O-O Qxb2 11. Nb5 a6 12. Nc7 Ra7 13. Qa4 b5 14. Qd1 Qa3 15. Bxb5 axb5 16. Nxb5 Qa5 17. Nxa7 Qxa7 18.
Qb3 Ba6 19. Rfc1 Bc4 20. Qc3 Ne4 21. Qe1 Ra8 22. a4 Na5 23. Ra3 Qd7 24. Ne5 Bxe5 25. Bxe5 f6 26. Bh2 Nb3 27. Rc2 Rxa4 28. Rxa4 Qxa4 29.
Rb2 Qa3 30. Rb1 Ned2 31. Rd1 Qb2 32. Bg3 Kf7 33. f3 Qc2 34. Bf2 Bb5 35. Bg3 Nc4 36. e4 Ne3 0-1

[Event "*** SCC Grand Prix: Titled Tuesday Blitz"]
[Site "Chess.com"]
[Date "2020.10.06"]
[Round "7"]
[White "StellarChessPro"]
[Black "ljuks68"]
[Result "1-0"]
[WhiteElo "2465"]
[BlackElo "2327"]
[TimeControl "180+1"]
[EndTime "11:18:36 PDT"]
[Termination "StellarChessPro won on time"]

1. d4 d5 2. Nf3 Nf6 3. Nbd2 c5 4.
e3 Nc6 5. c3 Bf5 6. Be2 h6 7.
O-O e6 8. Re1 Bd6 9. Nf1 Qc7 10.
Ng3 Bg6 11. Bd3 Ne4 12. Qc2 f5 13. dxc5 Bxc5 14. b4 Bd6 15. Bb2 Ne5 16. Bb5+ Kf7 17. Nxe5+ Bxe5 18. c4 Bxb2 19. Qxb2 a6 20. cxd5 axb5 21.
dxe6+ Kxe6 22. Ne2 Kf7 23. Rac1 Qe7 24. Qb3+ Kf6 25. Nf4 Bf7 26. Qb2+ Qe5 27. Qxe5+ Kxe5 28. f3 Nd6 29. Rc5+ Kf6 30. Rd1 Rhd8 31. Rc7 g5 32.
Nd5+ Bxd5 33. Rxd5 Nc4 34. Rxd8 Rxd8 35. Rxb7 Nxe3 36.
Rb6+ 1-0

[Event "*** SCC Grand Prix: Titled Tuesday Blitz"]
[Site "Chess.com"]
[Date "2020.10.06"]
[Round "7"]
[White "GelmanAlexander"]
[Black "AlexOstrovskiy"]
[Result "0-1"]
[WhiteElo "2579"]
[BlackElo "2756"]
[TimeControl "180+1"]
[EndTime "11:18:37 PDT"]
[Termination "AlexOstrovskiy won on time"]

1. d4 Nf6 2. Nc3 d5 3. Bf4 c5 4. e3 cxd4 5. exd4 a6 6. Nf3 Bg4 7. h3 Bxf3 8. Qxf3 Nc6 9. O-O-O e6 10. g4 Be7 11. g5 Nd7 12. h4 Rc8 13. Rh3 Qb6 14.
Qe3 Qa5 15. Kb1 b5 16. h5 b4 17. Ne2 b3 18. cxb3 Nb4 19. a3 Nc2 20. Qd2 Bb4 21. Qd3 Bxa3 22. bxa3 Qxa3 23. Qxc2 Rxc2 24. Kxc2 Qa2+ 25.
Kc1 O-O 26. Rc3 Nb6 27. Bh3 Qxe2 28. g6 fxg6 29. Bd6 Rxf2 30. Ba3 Qa2 0-1

[Event "*** SCC Grand Prix: Titled Tuesday Blitz"]
[Site "Chess.com"]
[Date "2020.10.06"]
[Round "7"]
[White "elohunter1999"]
[Black "RobertoJBM"]
[Result "1/2-1/2"]
[WhiteElo "2582"]
[BlackElo "2732"]
[TimeControl "180+1"]
[EndTime "11:18:38 PDT"]
[Termination "Game drawn by repetition"]

1. e4 c6 2. Nc3 d5 3. Nf3 dxe4 4. Nxe4 Bg4 5. h3 Bxf3 6. Qxf3 Nd7 7. d4 Ndf6 8.
Nxf6+ Nxf6 9. c3 Qd5 10. Qxd5 Nxd5 11. Bd3 e6 12. Bd2 g6 13. O-O-O h5 14. Kb1 Bh6 15. Be1 O-O-O 16. h4 Rd7 17. g3 Rhd8 18. Be2 Ne7 19.
f4 c5 20. Bf2 cxd4 21. Rxd4 Rxd4 22. Bxd4 Nc6 23. Be3 Bf8 24. Kc2 Kc7 25. g4 hxg4 26. Bxg4 Bd6 27. h5 gxh5 28. Rxh5 Rd7 29. f5 Ne5 30.
Be2 a6 31. fxe6 fxe6 32. Rh6 Re7 33. Bh5 Kd7 34. Bg5 Rg7 35. Bf6 Rg2+ 36. Kb3 Nd3 37.
Rh7+ Kc8 38. Rh8+ Kd7 39. Rh7+ Kc8 40. Rh8+ Kd7 41. Rh7+ 1/2-1/2

[Event "*** SCC Grand Prix: Titled Tuesday Blitz"]
[Site "Chess.com"]
[Date "2020.10.06"]
[Round "7"]
[White "rugbyclub"]
[Black "tk22h"]
[Result "1/2-1/2"]
[WhiteElo "2182"]
[BlackElo "2335"]
[TimeControl "180+1"]
[EndTime "11:18:38 PDT"]
[Termination "Game drawn by agreement"]

1. c4 e5 2. g3 Nc6 3. Bg2 g6 4. Nc3 Bg7 5. e3 d6 6. Nge2 f5 7. O-O Nf6 8. d4 O-O 9. Rb1 a5 10. a3 h6 11. b4 axb4 12. axb4 e4 13. b5 Ne7 14. f3 exf3 15. Bxf3 c6 16. Qb3 Be6 17.
d5 cxd5 18. cxd5 Bf7 19. b6 Ra5 20. Rd1 g5 21. Ba3 Ng6 22. Bb4 Ra6 23. Ba3 Ne5 24. Bg2 Nfg4 25. e4 Ne3 26. Re1 Nxg2 27. Kxg2 fxe4 28. Nxe4 Bg6 29. N2c3 Nd3 30. Re3 Rxa3 31. Qxa3 Ne5 32. Qxd6 Qxd6 33. Nxd6 Bxb1 34. Nxb1 Rd8 35. Nxb7 Rxd5 36. Nc3 Rd2+ 37. Re2 Rxe2+ 38. Nxe2 Nc4 39. Nc5 Nxb6 40. Ne6 1/2-1/2

[Event "*** SCC Grand Prix: Titled Tuesday Blitz"]
[Site "Chess.com"]
[Date "2020.10.06"]
[Round "7"]
[White "Guenplen"]
[Black "kirillgenius"]
[Result "1-0"]
[WhiteElo "2829"]
[BlackElo "2349"]
[TimeControl "180+1"]
[EndTime "11:18:39 PDT"]
[Termination "Guenplen won on time"]

1. d4 d5 2. Bf4 e6 3. e3 Bd6 4.
Nf3 Bxf4 5. exf4 Qd6 6. Ne5 Qb4+ 7. Nc3 Qxb2 8. Kd2 Qb4 9. Rb1 Qxd4+ 10. Nd3 a6 11. h4 Nc6 12. Ne2 Qf6 13. g3 h5 14.
Bh3 Nh6 15. Re1 b6 16. Qc1 Bd7 17. Qa3 Qe7 18. Qc3 O-O 19. Ng1 d4 20. Qc4 Qd6 21. Nf3 Ng4 22. Bxg4 hxg4 23. Nfe5 Nxe5 24. fxe5 Qd5 25.
Qxd5 exd5 26. Rb4 Bb5 27. Rxd4 Bxd3 28. cxd3 Rfd8 29. Rxg4 c5 30. h5 Kf8 31. Rf4 Kg8 32.
e6 Ra7 33. Rf5 1-0

[Event "*** SCC Grand Prix: Titled Tuesday Blitz"]
[Site "Chess.com"]
[Date "2020.10.06"]
[Round "7"]
[White "rpragchess"]
[Black "Pultis"]
[Result "0-1"]
[WhiteElo "2907"]
[BlackElo "2769"]
[TimeControl "180+1"]
[EndTime "11:18:40 PDT"]
[Termination "Pultis won on time"]

1. d4 Nf6 2. Bf4 g6 3. Nc3 d5 4.
e3 Bg7 5. h4 h5 6. Nf3 Bg4 7.
Be2 c6 8. Qd2 Nbd7 9. Ne5 Bxe2 10. Qxe2 Nxe5 11. Bxe5 Qb6 12. O-O-O O-O-O 13. f3 Rhe8 14. Rhf1 Bh6 15. g4 Nd7 16. Bg3 e5 17. g5 Bg7 18. Qf2 exd4 19. exd4 Nf8 20. f4 Ne6 21. f5 Bxd4 22. Rxd4 Nxd4 23. Qf4 Nxf5 24. Kb1 Nxg3 25. Qxg3 Qe3 26. Qg2 Rd7 27. a4 a5 28. Rf3 Qe1+ 29.
Ka2 Qxh4 30. b3 Re1 31. Qd2 Qh1 32. Rf6 d4 0-1

[Event "*** SCC Grand Prix: Titled Tuesday Blitz"]
[Site "Chess.com"]
[Date "2020.10.06"]
[Round "7"]
[White "Alexander_Donchenko"]
[Black "QuintilianoR"]
[Result "1-0"]
[WhiteElo "2768"]
[BlackElo "2584"]
[TimeControl "180+1"]
[EndTime "11:18:40 PDT"]
[Termination "Alexander_Donchenko won on time"]

1. Nf3 d5 2. g3 Nf6 3. Bg2 e6 4. O-O Be7 5. c4 O-O 6. b3 c5 7.
Bb2 b6 8. e3 Nc6 9. Nc3 dxc4 10. bxc4 Bb7 11. Qe2 a6 12. Rad1 Qc7 13. Ne1 Rfd8 14.
f4 Rac8 15. g4 Na7 16. g5 Ne8 17. Ne4 b5 18. cxb5 axb5 19. Be5 Qb6 20. Qh5 Bd5 21. d3 c4 22. Bd4 Qb7 23. Rf3 Bxe4 24.
dxe4 Qxe4 25. f5 Nc6 26. Rh3 Qxf5 27. Bxc6 Rxc6 28. Nf3 Bc5 29. Rf1 Qg6 30. Qxg6 hxg6 31. Ne5 Bxd4 32. Nxc6 Bxe3+ 33. Rxe3 Rd7 34. Ne5 Ra7 35.
Rd1 f6 36. Rd8 Kf8 37. Nc6 1-0

[Event "*** SCC Grand Prix: Titled Tuesday Blitz"]
[Site "Chess.com"]
[Date "2020.10.06"]
[Round "7"]
[White "grzechu96"]
[Black "DariaVoit"]
[Result "1-0"]
[WhiteElo "2693"]
[BlackElo "2511"]
[TimeControl "180+1"]
[EndTime "11:18:41 PDT"]
[Termination "grzechu96 won by checkmate"]

1. e4 Nf6 2. e5 Nd5 3. d4 d6 4. c4 Nb6 5. exd6 exd6 6. Nc3 Bf5 7.
g4 Bg6 8. Bg2 Nc6 9. b3 Be7 10.
Nge2 h5 11. Nf4 Bf6 12. Nxg6 fxg6 13. Be3 Qe7 14. Bxc6+ bxc6 15. Qf3 Bxd4 16. Qxc6+ Kf7 17. Nd5 Qe4 18. O-O-O Bxe3+ 19. fxe3 Rhe8 20. Qxc7+ Kg8 21. Qxd6 hxg4 22. Qf4 Qg2 23. Rhg1 Qxa2 24. Rxg4 Qxb3 25. Nf6+ gxf6 26. Rxg6+ Kh7 27. Qh6# 1-0

[Event "*** SCC Grand Prix: Titled Tuesday Blitz"]
[Site "Chess.com"]
[Date "2020.10.06"]
[Round "7"]
[White "IANOV0007"]
[Black "Sacbutt"]
[Result "1-0"]
[WhiteElo "2425"]
[BlackElo "2278"]
[TimeControl "180+1"]
[EndTime "11:18:42 PDT"]
[Termination "IANOV0007 won by resignation"]

1. Nf3 b6 2. g3 Bb7 3. Bg2 Nf6 4.
c4 g6 5. O-O Bg7 6. Nc3 c5 7.
d3 O-O 8. e4 d6 9. Bg5 Nbd7 10.
Qd2 Re8 11. Bh6 Bh8 12. Rfe1 e5 13. Bg5 Bg7 14. Rad1 a6 15. h4 Qc7 16. Bh3 Bc6 17. Nd5 Bxd5 18. cxd5 b5 19. Rc1 Qb7 20. b3 a5 21. a4 Reb8 22. Qc2 h6 23. Be3 Ra6 24. Nd2 bxa4 25. bxa4 Qb2 26. Nc4 Qxc2 27. Rxc2 Rb4 28. Ra1 Ne8 29. Bd2 Nb6 30. Bxb4 axb4 31. Nxb6 Rxb6 32. a5 Ra6 33. Bc8 Ra7 34. a6 Nc7 35. Bb7 Kf8 36. Ra5 Ke7 37. Kf1 Kd7 38.
Ke2 Na8 39. Rb5 Nc7 40. Rb6 Bf8 41. Ra2 Be7 42. Kd2 Bd8 43. Kc2 Nxd5 44. Bc6+ Kc7 45. Rb7+ Rxb7 46. axb7 Nb6 47. Ra8 Kxc6 48. b8=Q Nxa8 49.
Qxa8+ 1-0

[Event "*** SCC Grand Prix: Titled Tuesday Blitz"]
[Site "Chess.com"]
[Date "2020.10.06"]
[Round "7"]
[White "GukeshDommaraju"]
[Black "Konavets"]
[Result "0-1"]
[WhiteElo "2800"]
[BlackElo "3005"]
[TimeControl "180+1"]
[EndTime "11:18:45 PDT"]
[Termination "Konavets won by resignation"]

1. d4 Nf6 2. Nf3 d5 3. Bf4 c5 4.
e3 e6 5. Nbd2 Bd6 6. dxc5 Bxf4 7. exf4 Qc7 8. g3 Qxc5 9. Bd3 O-O 10. O-O b6 11. Nb3 Qc7 12. Nbd4 Ba6 13. Ne5 Bxd3 14. cxd3 Nbd7 15. Rc1 Qb7 16. Ndc6 Rfe8 17. Qa4 Nc5 18. Qb4 Nfd7 19. d4 Nxe5 20. Nxe5 Ne4 21. Rc6 f6 22. Rfc1 fxe5 23. Rc7 Qa6 24. dxe5 Qe2 25.
R1c2 Qf3 26. Qb5 Nc5 27. Rc3 Qd1+ 28. Kg2 d4 29. Rf3 Qb1 30. f5 exf5 31. Qc4+ Kh8 32. Qf7 Ne6 33. Rxa7 Qe4 34. Rxa8 Qxa8 35. Kg1 Rf8 0-1

[Event "*** SCC Grand Prix: Titled Tuesday Blitz"]
[Site "Chess.com"]
[Date "2020.10.06"]
[Round "7"]
[White "Oglob71"]
[Black "DenisQ"]
[Result "0-1"]
[WhiteElo "2502"]
[BlackElo "2671"]
[TimeControl "180+1"]
[EndTime "11:18:47 PDT"]
[Termination "DenisQ won by resignation"]

1. d4 d5 2. Nf3 Nf6 3. c4 c6 4.
e3 Bf5 5. Nc3 e6 6. Nh4 Be4 7.
f3 Bg6 8. Qb3 Qc7 9. Bd2 Nbd7 10. O-O-O dxc4 11. Bxc4 b5 12. Be2 a6 13. Nxg6 hxg6 14. Kb1 Rxh2 15. Rxh2 Qxh2 16. Bf1 c5 17. Ne4 Nxe4 18. fxe4 c4 19. Qc2 Rc8 20. e5 Nb6 21.
Qe4 Nd5 22. Be2 Qg3 23. Bf3 Qg5 24. Rc1 Qf5 25. Qxf5 gxf5 26. g4 fxg4 27. Bxg4 Bb4 28. Bxb4 Nxb4 29. Bf3 Ke7 30. Rh1 c3 31. bxc3 Rxc3 32.
Rc1 Rxc1+ 33. Kxc1 Nxa2+ 34. Kb2 Nb4 35. Kc3 Nd5+ 36.
Kd3 f5 37. exf6+ gxf6 38. e4 Nb6 39. e5 fxe5 40. dxe5 Kd7 41. Kd4 Kc7 42. Bg4 Kd7 43.
Kc5 Nc4 44. Kd4 Na5 45. Kc5 Nc6 46. Kb6 Nxe5 47. Be2 b4 48. Bd1 Nc4+ 49. Kxa6 Nd2 50.
Ba4+ Kd6 51. Kb5 b3 52. Kb4 b2 53. Bc2 b1=Q+ 54. Bxb1 Nxb1 55. Kb3 Nd2+ 56. Kc2 Nf3 57. Kd3 Kd5 58. Ke3 Nd4 0-1

[Event "*** SCC Grand Prix: Titled Tuesday Blitz"]
[Site "Chess.com"]
[Date "2020.10.06"]
[Round "7"]
[White "Mbneu"]
[Black "FLamps8"]
[Result "1-0"]
[WhiteElo "2346"]
[BlackElo "2494"]
[TimeControl "180+1"]
[EndTime "11:18:47 PDT"]
[Termination "Mbneu won by resignation"]

1. d4 d5 2. c4 c6 3. Nc3 Nf6 4. Nf3 dxc4 5. e4 b5 6. Be2 e6 7.
O-O b4 8. Na4 Nxe4 9. Bxc4 Be7 10. Re1 Nf6 11. Ne5 O-O 12. Be3 a5 13. Rc1 Nd5 14. Bd3 Ba6 15. Bb1 Bf6 16. Qc2 g6 17. Bh6 Bg7 18. Bxg7 Kxg7 19. Nc5 Bb5 20. Nxf7 Kxf7 21. Nxe6 Qd6 22. Ng5+ Kg8 23. Re6 Qd7 24. Rxg6+ Kh8 25. Rh6 Nf6 26. Nxh7 Kg7 27. Qg6+ Kh8 28. Nxf6+ 1-0

[Event "*** SCC Grand Prix: Titled Tuesday Blitz"]
[Site "Chess.com"]
[Date "2020.10.06"]
[Round "7"]
[White "RaunakSadhwani2005"]
[Black "731291"]
[Result "1-0"]
[WhiteElo "2901"]
[BlackElo "2653"]
[TimeControl "180+1"]
[EndTime "11:18:48 PDT"]
[Termination "RaunakSadhwani2005 won by resignation"]

1. c4 e5 2. Nc3 d6 3. g3 f5 4.
Bg2 Nf6 5. d4 e4 6. f3 exf3 7.
exf3 Be7 8. Nge2 O-O 9. O-O c6 10. d5 Na6 11. Nf4 Nc7 12. Re1 Re8 13. Be3 Bf8 14.
Qd2 c5 15. a3 a6 16. b4 b6 17. Rab1 Bd7 18. a4 Rb8 19. Nd3 g6 20. a5 cxb4 21. Rxb4 bxa5 22. Rxb8 Qxb8 23. Rb1 Qc8 24. Bb6 a4 25. Qa2 Bg7 26. Nxa4 a5 27. Bxa5 Na6 28.
Nb6 Qc7 29. Nxd7 Qxd7 30. Bb6 Nc7 31. Qa7 Rc8 32. Qb7 Kh8 33. Nf4 g5 34. Nh3 h6 35.
Bd4 Kh7 36. Nf2 Re8 37. Bh3 g4 38. fxg4 fxg4 39. Bf1 h5 40. Bd3+ Kg8 41. Rf1 Re7 42.
c5 Ncxd5 43. Qxd7 Nxd7 44. cxd6 Re6 45. Bc4 Rxd6 46. Bxg7 Kxg7 47. Ne4 Re6 48. Bxd5 Re5 49. Rf7+ Kg6 50. Rxd7 1-0

[Event "*** SCC Grand Prix: Titled Tuesday Blitz"]
[Site "Chess.com"]
[Date "2020.10.06"]
[Round "7"]
[White "Kavyev_Ruslan"]
[Black "annazero"]
[Result "1-0"]
[WhiteElo "2587"]
[BlackElo "2403"]
[TimeControl "180+1"]
[EndTime "11:18:48 PDT"]
[Termination "Kavyev_Ruslan won by resignation"]

1. d4 d5 2. c4 c6 3. Nf3 Nf6 4.
g3 Bf5 5. Nc3 e6 6. Nh4 Bg6 7.
Qb3 Qb6 8. Nxg6 hxg6 9. c5 Qc7 10. Bg2 b6 11. Bf4 Qd8 12. a4 Nbd7 13. cxb6 axb6 14. O-O Be7 15. e4 O-O 16. Rac1 Ne8 17. Na2 Rc8 18. Nb4 c5 19. exd5 cxb4 20. Rxc8 Qxc8 21. dxe6 Ndf6 22. exf7+ Rxf7 23. Rc1 Qf5 24. Re1 Bd6 25. Be5 Ng4 26. f4 Nxe5 27. dxe5 Bc5+ 28. Kh1 Kh8 29. Be4 Qd7 30. e6 Qd2 31. Rd1 Qe2 32. Bf3 1-0

[Event "*** SCC Grand Prix: Titled Tuesday Blitz"]
[Site "Chess.com"]
[Date "2020.10.06"]
[Round "7"]
[White "JoliyRoger"]
[Black "JuliaEfremova"]
[Result "1-0"]
[WhiteElo "2465"]
[BlackElo "2323"]
[TimeControl "180+1"]
[EndTime "11:18:48 PDT"]
[Termination "JoliyRoger won by resignation"]

1. d4 Nf6 2. c4 g6 3. Nc3 c5 4.
d5 d6 5. e4 Bg7 6. h3 O-O 7. Nf3 Na6 8. Bd3 Nc7 9. O-O a6 10.
Re1 b5 11. cxb5 axb5 12. Nxb5 Nxb5 13. Bxb5 Ba6 14. Bc6 Ra7 15. Bd2 Qc7 16. Bc3 Rb8 17. e5 Nd7 18. e6 Bxc3 19. exf7+ Kxf7 20. bxc3 Nf8 21. Ng5+ Kg8 22. Qf3 e5 23. dxe6 Qg7 24. Bd5 Re7 25. c4 h6 26. Ne4 Kh8 27. Nxd6 Nxe6 28. Bxe6 Rxe6 29. Nf7+ Kh7 30. Rxe6 Qxa1+ 31. Kh2 Bxc4 32. Re7 Qg7 33. Ng5+ hxg5 34. Rxg7+ Kxg7 35. Qc3+ Kh6 36. Qxc4 Ra8 37. Qc3 g4 38. a3 gxh3 39. Qxh3+ Kg7 40. Qc3+ Kh6 41. Qxc5 1-0

[Event "*** SCC Grand Prix: Titled Tuesday Blitz"]
[Site "Chess.com"]
[Date "2020.10.06"]
[Round "7"]
[White "TrickyFortem"]
[Black "mirceaparligras"]
[Result "1-0"]
[WhiteElo "2479"]
[BlackElo "2636"]
[TimeControl "180+1"]
[EndTime "11:18:49 PDT"]
[Termination "TrickyFortem won on time"]

1. d4 Nf6 2. c4 c5 3. d5 e6 4. Nc3 exd5 5. cxd5 d6 6. e4 g6 7. Nf3 Bg7 8. Bd3 a6 9. O-O b5 10. h3 O-O 11. Re1 Nbd7 12. a4 c4 13. Bf1 Rb8 14. axb5 axb5 15. Bf4 Qb6 16. Nd4 Nxd5 17.
Nxd5 Qxd4 18. Qxd4 Bxd4 19. Bxd6 Bxb2 20. Rab1 c3 21. Bxb8 Nxb8 22. Bxb5 Ba6 23. Bf1 Bxf1 24. Kxf1 Nd7 25. Ke2 Nc5 26. f3 Kg7 27. Rbc1 Na4 28. Rc2 Rb8 29. Rb1 Rb3 30. Kd1 Ra3 31. Ke2 h5 32. h4 Kf8 33. Kd3 Nc5+ 34. Kc4 Ne6 35.
Nxc3 Bxc3 36. Rxc3 Ra2 37. g3 Rg2 38. f4 Re2 39. e5 Re4+ 40. Kd3 Rd4+ 41. Ke3 Ra4 42. Rb7 Ra8 43. Rb6 Kg7 44. Rd6 Re8 45. Rd7 Rf8 46. Ra3 Kg8 47. Raa7 Ng7 48. Kf3 Nf5 49.
Ra3 Re8 50. Rad3 1-0

[Event "*** SCC Grand Prix: Titled Tuesday Blitz"]
[Site "Chess.com"]
[Date "2020.10.06"]
[Round "7"]
[White "denispopov"]
[Black "Butterfly"]
[Result "0-1"]
[WhiteElo "2003"]
[BlackElo "2411"]
[TimeControl "180+1"]
[EndTime "11:18:50 PDT"]
[Termination "Butterfly won by checkmate"]

1. e4 d5 2. exd5 Nf6 3. Bb5+ Bd7 4. Bc4 Bg4 5. f3 Bf5 6. Nc3 g6 7. Nge2 Bg7 8. d3 O-O 9. Bg5 c6 10. dxc6 Nxc6 11. Qd2 a6 12. Bh6 b5 13. Bb3 Bxh6 14. Qxh6 Nd4 15. Nxd4 Qxd4 16. O-O-O Rfc8 17. g4 Bd7 18.
Ne4 a5 19. Nxf6+ exf6 20. Bxf7+ Kxf7 21. Qxh7+ Ke6 22. Rhe1+ Kd6 23. Qxg6 Qf4+ 24. Kb1 Rg8 25. Qf7 Rae8 26. Re4 Qxf3 27. Rd4+ Kc5 28. b4+ Kxd4 29. Qxd7+ Ke3 30. Re1+ Kd2 31. Rxe8 Qf1+ 32. Kb2 Qc1+ 33. Kb3 a4# 0-1

[Event "*** SCC Grand Prix: Titled Tuesday Blitz"]
[Site "Chess.com"]
[Date "2020.10.06"]
[Round "7"]
[White "Sesleria"]
[Black "Zemerovv"]
[Result "0-1"]
[WhiteElo "2099"]
[BlackElo "2270"]
[TimeControl "180+1"]
[EndTime "11:18:52 PDT"]
[Termination "Zemerovv won by resignation"]

1. d4 e6 2. e4 b6 3. Nf3 Bb7 4. Bd3 Nf6 5. Qe2 d5 6. Nbd2 dxe4 7. Nxe4 Nbd7 8. Bg5 Be7 9. Bxf6 Nxf6 10. O-O-O O-O 11. Kb1 Nxe4 12. Bxe4 Bxe4 13. Qxe4 Qd5 14. Rhe1 Rad8 15.
Qg4 Bf6 16. Ne5 c5 17. dxc5 Qxc5 18. Nd7 Rxd7 19. Rxd7 Qb5 20. Rd4 Bxd4 21. Qxd4 Qg5 22. f4 Qh4 23. Rd1 Qxh2 24. g4 h5 25. g5 g6 26. a3 Qe2 27. Rd2 Qf1+ 28. Rd1 Qg2 29. Qf6 Qa8 30. Rd7 Qh1+ 31. Ka2 Qc6 32. Rd2 Qc4+ 33.
b3 Qc7 34. Kb2 Rc8 35. Rh2 b5 36. Rd2 a5 37. f5 exf5 38. Qe5 0-1

[Event "*** SCC Grand Prix: Titled Tuesday Blitz"]
[Site "Chess.com"]
[Date "2020.10.06"]
[Round "7"]
[White "Smirnov_Pavel"]
[Black "Evandro_Barbosa"]
[Result "1-0"]
[WhiteElo "2799"]
[BlackElo "2610"]
[TimeControl "180+1"]
[EndTime "11:18:53 PDT"]
[Termination "Smirnov_Pavel won by resignation"]

1. d4 Nf6 2. c4 c5 3. d5 e6 4.
Nc3 exd5 5. cxd5 d6 6. e4 g6 7. Nge2 Bg7 8. Ng3 O-O 9. Be2 a6 10. a4 Nbd7 11. O-O Qc7 12. Bg5 h6 13. Be3 h5 14. Qd2 h4 15. Nh1 Re8 16. f3 Nh7 17.
Nf2 Rb8 18. Kh1 c4 19. f4 b5 20. axb5 axb5 21. e5 dxe5 22. d6 Qd8 23. Nd5 e4 24.
Ne7+ Rxe7 25. dxe7 Qxe7 26. Ra7 Qe6 27. Rd1 Nhf8 28. Nh3 Bf6 29. Ng5 Bxg5 30. fxg5 Ne5 31. Bf4 h3 32. Qd6 hxg2+ 33. Kg1 Qxd6 34. Rxd6 Nf3+ 35.
Bxf3 exf3 36. Rd8 Rb7 37. Rxb7 Bxb7 38. Bd6 Kh7 39. Rxf8 1-0

[Event "*** SCC Grand Prix: Titled Tuesday Blitz"]
[Site "Chess.com"]
[Date "2020.10.06"]
[Round "7"]
[White "Zq1"]
[Black "Vamostodorecto"]
[Result "0-1"]
[WhiteElo "2510"]
[BlackElo "2385"]
[TimeControl "180+1"]
[EndTime "11:18:54 PDT"]
[Termination "Vamostodorecto won by resignation"]

1. d4 Nf6 2. c4 g6 3. Nc3 d5 4.
cxd5 Nxd5 5. Bd2 Bg7 6. e4 Nxc3 7. Bxc3 c5 8. d5 Bxc3+ 9. bxc3 O-O 10. Nf3 e6 11.
Be2 exd5 12. exd5 Bg4 13. O-O Qd6 14. Rb1 b6 15. h3 Bxf3 16. Bxf3 Nd7 17. g3 Rac8 18.
a4 c4 19. a5 Rc5 20. axb6 Nxb6 21. Qd4 Rd8 22. Rfd1 h5 23. h4 a5 24. Rb2 a4 25.
Re2 a3 26. Rde1 Qf8 27. d6 Rb5 28. Bc6 Rb2 29. Re7 a2 30. Be8 Rb1 31. Qxc4 Nxc4 0-1